 Dungeon Crawl Stone Soup version 0.30-a0-6-g7c9e10e132 (webtiles) character file.

Game seed: 14698039656237923691

62306 Flugkiller the Severer (level 14, -2/135 HPs)
             Began as a Minotaur Fighter on Aug 22, 2022.
             Was the Champion of Qazlal.
             Slain by an efreet
             ... wielding a +2 scimitar of flaming
              (6 damage)
             ... on level 3 of the Abyss.
             The game lasted 00:11:10 (19554 turns).

Flugkiller the Severer (Minotaur Fighter)          Turns: 19554, Time: 00:11:10

Health: -2/135     AC: 32    Str: 22    XL:     14   Next: 63%
Magic:  20/20      EV: 12    Int:  5    God:    Qazlal [******]
Gold:   1188       SH:  8    Dex: 14    Spells: 13/13 levels left

rFire   + . .      SeeInvis .    T - +3 executioner's axe (flame)
rCold   + . .      Faith    +    (shield currently unavailable)
rNeg    . . .      Spirit   .    H - +18 Lear's hauberk
rPois   +          Reflect  .    (helmet currently unavailable)
rElec   .          Harm     .    C - +0 cloak
rCorr   .          Rampage  .    (gloves currently unavailable)
Will    +....                    (boots currently unavailable)
Stlth   ..........               D - amulet of faith
HPRegen 0.32/turn                c - ring of protection from cold
MPRegen 0.17/turn                o - ring of poison resistance

@: lethally poisoned (-2 -> -10), about to teleport, protected from fire, repel
missiles
A: horns 2, retaliatory headbutt
a: Renounce Religion, Upheaval, Elemental Force, Disaster Area


You were on level 3 of the Abyss.
You worshipped Qazlal.
Qazlal was exalted by your worship.
You visited 3 branches of the dungeon, and saw 20 of its levels.
You visited the Abyss 1 time.
You also visited: Ossuary.

You collected 1367 gold pieces.
You spent 179 gold pieces at shops.

Inventory:

Hand Weapons
 M - a +4 battleaxe
   (You took it off a death knight on level 10 of the Dungeon)
 Q - a +3 war axe of flaming
   (You bought it in a shop on level 3 of the Dungeon)
 T - a +3 executioner's axe of flaming (weapon)
   (You acquired it on level 10 of the Dungeon)
Missiles
 u - a throwing net
 E - 9 javelins (quivered)
Armour
 b - a +0 pair of boots
   (You found it on level 7 of the Dungeon)
 C - a +0 cloak (worn)
   (You took it off Maurice on level 8 of the Dungeon)
 H - the +18 Lear's hauberk (worn)
   (You found it on level 9 of the Dungeon)
 I - a +0 buckler
 K - a +2 hat
   (You found it on level 10 of the Dungeon)
 O - a +0 plate armour
   (You found it on level 7 of the Dungeon)
Jewellery
 c - a ring of protection from cold (left hand)
   (You found it on level 9 of the Dungeon)
 j - a +4 ring of slaying
   (You found it on level 4 of the Lair of Beasts)
 o - a ring of poison resistance (right hand)
   (You found it on level 2 of the Dungeon)
 s - the ring "Systrum" {rF+ Str-4 Int+6 SInv}
   (You found it on level 2 of the Lair of Beasts)

   [ring of intelligence]

   Str:       It affects your strength (-4).
   Int:       It affects your intelligence (+6).
   rF:        It protects you from fire.
   SInv:      It lets you see invisible.
 B - a ring of flight
   (You found it on level 5 of the Dungeon)
 D - an amulet of faith (around neck)
   (You found it on level 8 of the Dungeon)
 J - an amulet of the acrobat
   (You found it on level 10 of the Dungeon)
 R - an amulet of regeneration
   (You found it on level 4 of the Lair of Beasts)
 U - a +4 ring of slaying
   (You found it on level 5 of the Lair of Beasts)
Wands
 a - a wand of roots (19)
   (You found it on level 7 of the Dungeon)
 g - a wand of digging (12)
   (You took it off Maurice on level 8 of the Dungeon)
 G - a wand of mindburst (26)
   (You found it on level 6 of the Dungeon)
 N - a wand of charming (15)
   (You found it on level 10 of the Dungeon)
Scrolls
 f - a scroll of silence
 i - 6 scrolls of poison
 k - 4 scrolls of butterflies
 l - 2 scrolls of magic mapping
 r - 3 scrolls of identify
 t - 11 scrolls of teleportation
 x - 4 scrolls of immolation
 z - 3 scrolls of blinking
 F - 3 scrolls of enchant armour
 L - a scroll of fear
 W - a scroll of torment
Potions
 d - 6 potions of might
 e - 3 potions of ambrosia
 h - 3 potions of haste
 m - 5 potions of mutation
 n - 3 potions of resistance
 p - a potion of invisibility
 q - 11 potions of curing
 v - 2 potions of cancellation
 w - 2 potions of heal wounds
 y - 8 potions of lignification
 A - 6 potions of flight {unknown}
 P - 2 potions of magic {unknown}
 S - a potion of berserk rage {unknown}
Miscellaneous
 V - a phantom mirror
   (You found it on level 5 of the Lair of Beasts)


   Skills:
 - Level 15.3 Fighting
 + Level 17.8 Axes
 - Level 14.0 Armour
 - Level 8.4 Dodging
 - Level 3.6 Shields
 - Level 9.6 Invocations
 - Level 5.0 Evocations


You had 13 spell levels left.
You didn't know any spells.
Your spell library was empty.

Dungeon Overview and Level Annotations

Branches:
Dungeon (14/15)            Temple (1/1) D:7            Lair (5/5) D:10
  Swamp (0/4) Lair:3        Snake (0/4) Lair:2        Slime (0/5) Lair:4
    Orc (0/2) D:11        Ossuary (visited)
 Vaults: D:13-14

Altars:
Ashenzari
Cheibriados
Dithmenos
Elyvilon
Fedhas
Gozag
Hepliaklqana
Kikubaaqudgha
Makhleb
Nemelex Xobeh
Okawaru
Qazlal
Ru
Sif Muna
Trog
Uskayaw
Vehumet
Wu Jian
Xom
Yredelemnul
Zin
The Shining One
Jiyva

Shops:
D:2 ?(?*=   D:3 (   D:4 **   D:6 *:

Annotations:
D:8 3 runed translucent doors, gabibbone's ghost, novice TrWr
D:9 3 runed translucent doors, Shym's ghost, novice GrEE
D:14 Rupert
Lair:3 1 runed translucent door, Tommers's ghost, journeyman DjFE


Innate Abilities, Weirdness & Mutations

You have a pair of horns on your head.
You reflexively headbutt those who attack you in melee.


Message History

The +0 trident of venom attacks as you move away!
The +0 trident of venom hits you but does no damage.
You hear an angry hiss.
The +0 trident of venom hits you from afar!
The +0 trident of venom hits you but does no damage.
A +3 battleaxe of electrocution comes into view.
You hear a croak.
You hear an angry hiss. x2
The +0 trident of venom hits you but does no damage.
You are too injured to fight recklessly!
You hit the +0 trident of venom but do no damage.
The +0 trident of venom hits you.
You feel more protected from physical attacks.
You are poisoned.
The +0 trident of venom hits you but does no damage.
You are too injured to fight recklessly!
You miss the +0 trident of venom.
Your headbutt misses the +0 trident of venom.
You feel sick.
The +0 trident of venom closely misses you.
You block the +0 trident of venom's attack.
You are too injured to fight recklessly!
You miss the +0 trident of venom.
Your headbutt misses the +0 trident of venom.
You feel sick.
The +0 trident of venom hits you but does no damage.
The +0 trident of venom attacks as you move away!
The +0 trident of venom misses you.
You feel sick.
You hear an angry hiss.
The +0 trident of venom hits you but does no damage. x2
As you read the scroll of teleportation, it crumbles to dust.
You feel strangely unstable.
You feel the power of the Abyss delaying your translocation!
You feel sick.
The +0 trident of venom hits you from afar!
* * * LOW HITPOINT WARNING * * *
You feel much better.
You feel sick.
You are no longer poisoned.
You hear a croak.
The +0 trident of venom hits you but does no damage.
You are poisoned.
You block the +3 battleaxe of electrocution's attack.
The +0 trident of venom is engulfed in blazing flames.
The +0 trident of venom hits you from afar!
You feel more protected from physical attacks.
You hear an angry hiss.
You feel sick.
The +0 trident of venom is engulfed in freezing vapours.
The +0 trident of venom hits you but does no damage.
You feel sick.
You hear an angry hiss.
The +3 battleaxe of electrocution is engulfed in blazing flames.
The +3 battleaxe of electrocution hits you.
* * * LOW HITPOINT WARNING * * *
The +0 trident of venom is engulfed in freezing vapours.
The +0 trident of venom hits you but does no damage.
You feel sick.
You hear a loud, deep croak!
A cane toad comes into view.
The +3 battleaxe of electrocution hits you!
* * * LOW HITPOINT WARNING * * *
You are electrocuted!
* * * LOW HITPOINT WARNING * * *
An efreet comes into view.
It is wielding a +2 scimitar of flaming.
You feel sick.
You hear an angry hiss.
You feel much better.
You feel sick.
The +3 battleaxe of electrocution hits you but does no damage.
You are electrocuted!
* * * LOW HITPOINT WARNING * * *
The +0 trident of venom hits you but does no damage.
You hit the +3 battleaxe of electrocution but do no damage.
You headbutt the +3 battleaxe of electrocution.
The +3 battleaxe of electrocution is lightly damaged.
You slash the efreet!
You feel sick.
The +0 trident of venom hits you from afar.
* * * LOW HITPOINT WARNING * * *
You feel more protected from physical attacks.
You are more poisoned.
The +3 battleaxe of electrocution completely misses you.
The efreet hits you with a +2 scimitar of flaming!
* * * LOW HITPOINT WARNING * * *
The efreet burns you.
* * * LOW HITPOINT WARNING * * *
The +0 trident of venom barely misses you.
You feel much better.
You feel very sick.
A black mamba comes into view.
The +3 battleaxe of electrocution hits you.
* * * LOW HITPOINT WARNING * * *
Your resistance to physical damage fades away.
You feel protected from electricity.
You are electrocuted!
* * * LOW HITPOINT WARNING * * *
The +0 trident of venom hits you but does no damage.
The efreet hits you with a +2 scimitar of flaming!
* * * LOW HITPOINT WARNING * * *
Your resistance to electricity fades away.
You feel protected from fire. The efreet burns you.
You die...

# .#...# # .♣♣
#...... ..∩. ≈
# # #.#### . .≈
#.#.#.## ....
##......# ....
## #..#.##.#...
..
#.###○#........
.≈ ##.#R###.##
..... #..@(##.
# .....#
#.###(##.#.#
.#. # #.S.#.#
#.#....#
##..#.#.# #...
..## ..##.##.#
#.. .. ## ..
#.#


You could see a black mamba, an efreet and 2 dancing weapons.

Vanquished Creatures
  Josephine (D:10)
  2 fire dragons
  A boulder beetle (D:12)
  Erolcha (D:9)
  A catoblepas (D:14)
  A centaur warrior (D:10)
  7 hydras
  2 two-headed ogres
  A death knight (D:10)
  A tengu warrior (D:14)
  4 death yaks (Lair:4)
  4 skeletal warriors (D:13)
  A swamp dragon (Lair:5)
  Pikel (D:4)
  A bog body (Lair:3)
  A lindwurm (Lair:2)
  A deep elf pyromancer (D:12)
  A wolf spider (Lair:5)
  3 ugly things
  A cyclops (D:10)
  A manticore (D:10)
  10 black mambas
  Maurice (D:8)
  A guardian serpent (Lair:5)
  9 elephants
  An elephant (shapeshifter) (D:13)
  A gargoyle (D:13)
  4 kobold demonologists
  15 cane toads
  Psyche (D:12)
  5 rime drakes
  8 komodo dragons
  2 polar bears
  3 trolls
  3 hornets
  A hornet (shapeshifter) (D:14)
  5 blink frogs
  6 dream sheep
  5 wraiths
  Sigmund (D:5)
  3 centaur simulacra (D:10)
  2 shadows (D:10)
  19 wyverns
  2 basilisks
  32 yaks
  Grum (D:10)
  2 redbacks (Lair:5)
  7 vampire mosquitoes
  4 nagas (Lair:2)
  22 water moccasins
  5 acid dragons
  4 swamp worms (Lair:3)
  A swamp drake (Lair:5)
  8 orc warriors
  4 ice beasts
  2 black bears (D:5)
  2 sky beasts (D:7)
  5 ogres
  9 wolves
  5 centaurs
  9 kobold brigands
  9 bullfrogs
  7 gnoll sergeants
  2 necrophages
  12 scorpions
  14 wights
  3 killer bees (D:9)
  2 electric eels
  3 howler monkeys
  2 hounds
  A human zombie (Ossuary)
  2 jellies (D:6)
  7 orc priests
  4 gnoll boudas
  7 iguanas
  5 orc wizards
  A scorpion zombie (Ossuary)
  A hound skeleton (D:8)
  3 mummies (Ossuary)
  38 gnolls
  10 adders
  A white imp (D:6)
  An ufetubus (D:5)
  3 worms
  A dart slug (D:1)
  29 orcs
  10 ball pythons
  6 bats
  3 endoplasms
  3 giant cockroaches (D:3)
  7 goblins
  9 hobgoblins
  3 jackals (D:1)
  7 quokkas
  5 frilled lizards
  A gnoll zombie (Ossuary)
  A goblin zombie (Ossuary)
  4 hobgoblin zombies (Ossuary)
  12 kobolds
  4 kobold zombies (Ossuary)
  4 orc zombies (Ossuary)
  23 rats
537 creatures vanquished.

Vanquished Creatures (others)
  30 fungi
  61 plants
91 creatures vanquished.

Grand Total: 628 creatures vanquished

Notes
Turn   | Place    | Note
-------+----------+-------------------------------------------
     0 | D:1      | Flugkiller the Minotaur Fighter began the quest for the
                  | Orb.
     0 | D:1      | Reached XP level 1. HP: 19/19 MP: 0/0
    80 | D:1      | Reached XP level 2. HP: 20/27 MP: 1/1
   176 | D:1      | Reached skill level 3 in Axes
  1064 | D:2      | Reached XP level 3. HP: 32/33 MP: 2/2
  1098 | D:2      | Found Mexut Fari's Assorted Antiques.
  1101 | D:2      | Bought a scroll labelled UTIFEGESAN for 18 gold pieces
  1101 | D:2      | Bought a scroll labelled LUDU YSUHO for 18 gold pieces
  1207 | D:2      | Found a faded altar of an unknown god.
  1343 | D:2      | Found Ukor's Weapon Shoppe.
  1346 | D:2      | Reached skill level 4 in Axes
  1429 | D:2      | Found Mareriwk's Jewellery Boutique.
  1497 | D:2      | Found Ytat's Magic Scroll Shop.
  1620 | D:2      | Found Biro's Magic Scroll Boutique.
  1818 | D:3      | Reached XP level 4. HP: 40/40 MP: 3/3
  2149 | D:3      | Found Inwir's Antique Weapon Shoppe.
  2331 | D:3      | Reached skill level 1 in Dodging
  2577 | D:4      | Found Vocuv's Assorted Antiques.
  2583 | D:4      | Reached XP level 5. HP: 39/47 MP: 4/4
  3002 | D:4      | Reached skill level 5 in Axes
  3210 | D:4      | Found Zin's Purification Station.
  3215 | D:4      | Found a glowing silver altar of Zin.
  3368 | D:4      | Found a white marble altar of Elyvilon.
  3370 | D:4      | HP: 2/47 [orc priest/+0 trident (5)]
  3373 | D:4      | Reached skill level 5 in Fighting
  3748 | D:4      | Reached XP level 6. HP: 56/56 MP: 5/5
  3932 | D:4      | Noticed Pikel
  3945 | D:4      | Killed Pikel
  3946 | D:4      | Reached skill level 7 in Axes
  3946 | D:4      | Reached XP level 7. HP: 41/63 MP: 6/6
  4149 | D:5      | Entered Level 5 of the Dungeon
  4149 | D:5      | Found a sparkling altar of Nemelex Xobeh.
  4156 | D:5      | Found a radiant altar of Vehumet.
  4157 | D:5      | Found an ancient bone altar of Kikubaaqudgha.
  4310 | D:5      | Reached skill level 8 in Axes
  4358 | D:5      | Reached XP level 8. HP: 52/71 MP: 7/7
  4715 | D:5      | Noticed Sigmund
  4720 | D:5      | Killed Sigmund
  4721 | D:5      | Reached skill level 9 in Axes
  4802 | D:6      | Reached skill level 5 in Dodging
  4825 | D:6      | Found Agottah's Book Boutique.
  5248 | D:6      | Reached skill level 10 in Axes
  5261 | D:6      | Found a hazy altar of Hepliaklqana.
  5448 | D:6      | Reached XP level 9. HP: 81/81 MP: 8/8
  5455 | D:6      | Found Nicolae's Needful Niceties.
  5752 | D:3      | Bought a runed war axe for 143 gold pieces
  5871 | D:7      | Found a staircase to the Ecumenical Temple.
  5898 | Temple   | Entered the Ecumenical Temple
  5990 | Temple   | Became a worshipper of Qazlal Stormbringer
  6022 | D:7      | Reached skill level 1 in Invocations
  6111 | D:7      | Noticed a two-headed ogre
  6135 | D:7      | Reached skill level 1 in Evocations
  6136 | D:7      | Killed a two-headed ogre
  6238 | D:7      | Reached skill level 5 in Evocations
  6580 | D:7      | Found an iron altar of Okawaru.
  6647 | D:7      | Reached skill level 5 in Armour
  6722 | D:8      | Reached skill level 11 in Axes
  6949 | D:8      | Found a sand-covered staircase.
  6987 | Ossuary  | Entered an ossuary
  7022 | Ossuary  | Reached * piety under Qazlal
  7044 | Ossuary  | Reached XP level 10. HP: 84/90 MP: 10/10
  7460 | D:8      | Noticed Maurice
  7466 | D:8      | Killed Maurice
  7473 | D:8      | Found a burning altar of Makhleb.
  7944 | D:8      | Found a runed translucent gate.
  7945 | D:8      | Found a runed translucent gate.
  7945 | D:8      | Noticed gabibbone's ghost (novice TrWr)
  7946 | D:8      | Found a runed translucent gate.
  8254 | D:8      | Reached ** piety under Qazlal
  8423 | D:8      | Reached skill level 12 in Axes
  8694 | D:9      | Found an opulent altar of Gozag.
  8715 | D:9      | Found the +18 Lear's hauberk
  9110 | D:9      | Noticed Erolcha
  9124 | D:9      | Killed Erolcha
  9268 | D:9      | Found a hide-covered altar of Uskayaw.
  9437 | D:9      | Reached *** piety under Qazlal
  9540 | D:9      | Found a runed translucent gate.
  9541 | D:9      | Found a runed translucent gate.
  9542 | D:9      | Found a runed translucent gate.
  9544 | D:9      | Found an opulent altar of Gozag.
  9545 | D:9      | Noticed a skeletal warrior
  9545 | D:9      | Noticed Shym's ghost (novice GrEE)
  9700 | D:10     | Entered Level 10 of the Dungeon
  9718 | D:10     | Noticed Josephine
  9730 | D:10     | Reached skill level 13 in Axes
  9737 | D:10     | Killed Josephine
  9738 | D:10     | Reached skill level 10 in Fighting
  9738 | D:10     | Reached XP level 11. HP: 83/99 MP: 13/13
  9840 | D:10     | Reached skill level 5 in Invocations
  9966 | D:10     | Identified the +0 steam dragon scales "Sorualof" {MP+9}
  9968 | D:10     | Found a sacrificial altar of Ru.
 10035 | D:10     | Found a staircase to the Lair.
 10051 | D:10     | Reached skill level 14 in Axes
 10052 | D:10     | Reached **** piety under Qazlal
 10213 | D:10     | Noticed a centaur warrior
 10217 | D:10     | Noticed a death knight
 10254 | D:10     | Noticed Grum
 10268 | D:10     | Killed Grum
 10378 | D:10     | Killed a centaur warrior
 10404 | D:10     | Killed a death knight
 11002 | D:11     | Noticed a two-headed ogre
 11009 | D:11     | Killed a two-headed ogre
 11016 | D:11     | Reached XP level 12. HP: 89/110 MP: 15/15
 11260 | D:11     | Found a staircase to the Orcish Mines.
 11265 | D:11     | Reached skill level 15 in Axes
 11551 | D:11     | Identified the +6 whip "Caeble" {elec, rF+++ Str+4 Stlth+}
 11927 | Lair:1   | Entered Level 1 of the Lair of Beasts
 11991 | Lair:1   | Reached ***** piety under Qazlal
 12202 | Lair:1   | Noticed a five-headed hydra
 12211 | Lair:1   | Killed a one-headed hydra
 12344 | Lair:1   | Noticed a five-headed hydra
 12351 | Lair:1   | Killed a two-headed hydra
 12352 | Lair:1   | Reached skill level 10 in Armour
 12918 | Lair:2   | Reached skill level 16 in Axes
 13070 | Lair:2   | Noticed a six-headed hydra
 13076 | Lair:2   | Killed a four-headed hydra
 13195 | Lair:2   | Identified the ring "Systrum" {rF+ Str-4 Int+6 SInv}
 13221 | Lair:2   | Found a staircase to the Snake Pit.
 13743 | Lair:3   | Reached XP level 13. HP: 107/119 MP: 18/18
 14051 | Lair:3   | Found a runed translucent door.
 14051 | Lair:3   | Noticed Tommers's ghost (journeyman DjFE)
 14547 | Lair:3   | Reached ****** piety under Qazlal
 14548 | Lair:3   | Found a staircase to the Swamp.
 15227 | Lair:4   | Found a viscous altar of Jiyva.
 15228 | Lair:4   | Found a staircase to the Slime Pits.
 16069 | Lair:5   | Entered Level 5 of the Lair of Beasts
 16370 | Lair:5   | Reached XP level 14. HP: 108/133 MP: 19/19
 16423 | Lair:5   | Reached skill level 15 in Fighting
 17806 | D:10     | Identified a scroll of acquirement
 17808 | D:10     | Acquired a +3 executioner's axe of electrocution
 17892 | D:12     | Noticed Psyche
 17905 | D:12     | Killed Psyche
 18959 | D:13     | Reached skill level 17 in Axes
 19503 | D:14     | Noticed Rupert
 19524 | Abyss:3  | Cast into level 3 of the Abyss (Rupert)
 19554 | Abyss:3  | HP: 4/135 [efreet/+2 scimitar of flaming (15)]
 19554 | Abyss:3  | Slain by an efreet

Illustrated notes

Levels and vault maps discovered:
D:1:      lightli_arrival_isolated_outpost, layout_basic
D:2:      layout_rooms, hellmonk_ecumenical_altar_crossroads, serial_shops,
          nicolae_shop_bloodbath_and_beyond, shop, nicolae_shop_hallway_stairs,
          nicolae_shop_competitors_out_of_business, shop
D:3:      layout_basic, serial_shops, shop, serial_park_tiny_1, minmay_rat_hole
D:4:      layout_loops_ring, mainiacjoe_overflow_catwalk, zin_purify,
          serial_shops, shop, uniq_pikel
D:5:      layout_rooms, grunt_temple_overflow_open, uniq_sigmund
D:6:      nicolae_cairo_tiling_large_dashed, layout_rooms,
          general_overflow_altar, serial_shops, nicolae_diamond_shop,
          nicolae_alphabet_shops
D:7:      layout_basic, kennysheep_mini, minmay_temple_entry_grid,
          abandoned_shop
D:8:      layout_loops_corners, makhleb_blood_cavern_becter,
          nicolae_ossuary_entry_plus, enter_bailey_3,
          gammafunk_ghost_nasty_kobolds, hangedman_abyss_or_decor_clamps,
          serial_bayou_lagoon_a, minmay_misc_feat_hallway, minmay_door_square,
          uniq_maurice
D:9:      layout_loops_ring, mainiacjoe_overflow_catwalk_spiral,
          ebering_ghost_gozag, nicolae_elevator_lobby_asterisk, uniq_erolcha
D:10:     layout_stronghold, lemuel_tele_altar, minmay_lair_entry_grove,
          minmay_fractal_squares_gapless_7, uniq_josephine, uniq_grum
D:11:     layout_small_grid, kennysheep_orc_monster_closet_entryway
D:12:     layout_cave_pools, hangedman_ranch, uniq_psyche
D:13:     layout_roguey, amcnicky_mini_corridor_feature
D:14:     layout_basic, skrybe_vaults_entry_preservation, serial_park_tiny_pond,
          gauntlet_entry_generic, fungi_pond_lemuel, uniq_rupert
Temple:   jpeg_temple_clearing
Lair:1:   layout_regular_city, beast_lair_carwin_6, infiniplex_staircase_pool_2,
          lemuel_fruit_tree, serial_bayou_shore_a
Lair:2:   layout_roguey, minmay_snake_entry_guardpost_small, serial_bayou_pond_b
Lair:3:   layout_small_grid, nicolae_swamp_entry_splash_gauntlet,
          hellmonk_ghost_happy_afterlife, wad_woods_road_02, grunt_megastairs_5
Lair:4:   layout_cave_shapes, slime_entry_1, serial_bayou_shore_b,
          lemuel_fruit_fields
Lair:5:   hangedman_lair_tendril_chambers, layout_misc_corridors,
          guppyfry_lair_end_dragon
Abyss:3:  base: D:9, hangedman_abyss_theft

Skill      XL: |  1  2  3  4  5  6  7  8  9 10 11 12 13 14 |
---------------+-------------------------------------------+-----
Axes           | 3 4 5 7 8 10 11 13 14 16 17 | 17.8
Armour         | 4 5 7 9 11 13 14 | 14.0
Fighting       | 4 5 6 7 8 10 11 12 14 15 | 15.3
Dodging        | 1 2 3 4 5 6 7 8 |  8.4
Invocations    | 2 4 6 8 9 |  9.6
Evocations     | 5 |  5.0
Shields        | |  3.6

Action                   |  1- 3 |  4- 6 |  7- 9 | 10-12 | 13-15 || total
-------------------------+-------+-------+-------+-------+-------++-------
Melee: War axe           |    89 |   120 |   175 |   467 |   348 ||  1199
       Headbutt          |     9 |    24 |    39 |   125 |   118 ||   315
       Executioner's axe |       |       |       |       |   128 ||   128
       Unarmed           |       |       |       |       |     2 ||     2
Evoke: Wand              |       |       |     3 |       |       ||     3
  Use: Scroll            |     3 |     2 |     7 |     9 |     7 ||    28
       Potion            |       |       |     1 |       |     3 ||     4
 Stab: Confused          |       |       |       |       |     2 ||     2
Armor: Scale mail        |    46 |    40 |    50 |       |       ||   136
       Plate armour      |       |       |    12 |    27 |       ||    39
       Chain mail        |       |       |       |   187 |   186 ||   373
       Skin              |       |       |       |       |     1 ||     1
Dodge: Dodged            |    57 |    54 |   106 |   171 |   173 ||   561
       Repelled          |       |       |       |     2 |     8 ||    10
Block: Buckler           |    23 |    21 |    54 |   240 |   184 ||   522
       Other             |       |       |       |       |    65 ||    65

Table legend: (Time is in decaauts)
 A = Elapsed time spent in this place.
 B = Non-inter-level travel time spent in this place.
 C = Inter-level travel time spent in this place.
 D = Time resting spent in this place.
 E = Time spent auto-exploring this place.
 F = Levels seen in this place.
 G = Mean time per level.
                   A        B        C        D        E       F      G
               +--------+--------+--------+--------+--------+-----+--------+
         Total |  19552 |  18591 |    961 |   2010 |  13605 |  22 |  888.7 |
       Dungeon |  13216 |  12468 |    748 |   1581 |   8866 |  14 |  944.0 |
        Temple |    103 |     93 |     10 |      0 |     78 |   1 |  103.0 |
          Lair |   5789 |   5587 |    202 |    429 |   4396 |   5 | 1157.8 |
         Abyss |     29 |     29 |      0 |      0 |      0 |   1 |   29.0 |
       Ossuary |    413 |    413 |      0 |      0 |    265 |   1 |  413.0 |
               +--------+--------+--------+--------+--------+-----+--------+

Top non-repeatable levels by time:
  Lair:5: 1636 daAuts
     D:8: 1571 daAuts
  Lair:3: 1477 daAuts
    D:10: 1357 daAuts
     D:3: 1268 daAuts
     D:4: 1239 daAuts
     D:1: 1081 daAuts
    D:11: 1029 daAuts
     D:6: 1025 daAuts
     D:9: 1005 daAuts
  Lair:1: 1004 daAuts
  Lair:4: 864 daAuts
  Lair:2: 806 daAuts
    D:13: 799 daAuts
     D:2: 721 daAuts
